 Dungeon Crawl Stone Soup version 0.31-a0-664-g902f515a81 (webtiles) character file.

Game seed: 3207526809656089876

39 randomguy2701 the Trooper (level 3, 0/33 HPs)
             Began as a Hill Orc Fighter on Sept 2, 2023.
             Succumbed to an adder's poison
             ... on level 2 of the Dungeon.
             The game lasted 00:00:41 (744 turns).

randomguy2701 the Trooper (Hill Orc Fighter)         Turns: 744, Time: 00:00:41

Health: 0/33       AC:  6    Str: 18    XL:     3   Next: 45%
Magic:  3/3        EV:  9    Int:  8    God:
Gold:   77         SH:  4    Dex: 12    Spells: 2/2 levels left

rFire   . . .        a - +0 war axe
rCold   . . .        c - +0 buckler
rNeg    . . .        b - +0 scale mail
rPois   .            (no helmet)
rElec   .            (no cloak)
rCorr   .            (no gloves)
SInv    .            (no boots)
Will    .....        (no amulet) Stlth
                     (no ring)
HPRegen 0.25/turn    (no ring)
MPRegen 0.08/turn

%: no passive effects
@: lethally poisoned (0 -> -3)
A: no striking features
a: no special abilities


You were on level 2 of the Dungeon.
You visited 1 branch of the dungeon, and saw 2 of its levels.

You collected 77 gold pieces.

Inventory:

Hand Weapons
 a - a +0 war axe (weapon)
Armour
 b - a +0 scale mail (worn)
 c - a +0 buckler (worn)
Scrolls
 f - a scroll of enchant weapon {unknown}
 g - 3 scrolls of identify {unknown}
 i - a scroll of noise {unknown}
 k - a scroll of fear {unknown}
Potions
 d - a potion of might
 e - a potion of berserk rage {unknown}
 h - a potion of invisibility {unknown}
 j - a potion of curing {unknown}
 l - a potion of enlightenment {unknown}


   Skills:
 + Level 4.2 Fighting
 + Level 3.5 Axes
 + Level 3.6 Armour
 + Level 3.6 Shields


You had 2 spell levels left.
You didn't know any spells.
Your spell library contained the following spells:

 Spells                   Type           Power      Damage    Failure   Level
 Blink                    Tloc           0%         N/A       95%         2
 Cigotuvi's Dreadful Rot  Necr/Pois/Air  0%         N/A       95%         2
 Lesser Beckoning         Tloc           0%         N/A       95%         2
 Momentum Strike          Conj/Tloc      0%         3d8       95%         2
 Ignite Poison            Fire/Tmut/Pois 0%         N/A       99%         3
 Freezing Cloud           Conj/Ice/Air   0%         6-21      100%        5


Dungeon Overview and Level Annotations

Branches:
Dungeon (2/15)

Altars:


Message History

You are too injured to fight recklessly!
An adder is nearby!
An adder is nearby!
An adder is nearby!
You are too injured to fight recklessly!
Unknown command.
You barely miss the adder.
The adder is almost dead.
You feel sick. The adder barely misses you. x2
You hit the adder but do no damage.
The adder is almost dead.
You feel sick. The adder barely misses you.
The adder bites you but does no damage.
You barely miss the adder.
The adder is almost dead.
You feel sick. The adder barely misses you. The adder closely misses you.
You miss the adder.
The adder is almost dead.
You feel sick.
You are no longer poisoned.
You block the adder's attack. The adder bites you.
* * * LOW HITPOINT WARNING * * *
You are poisoned.
The adder poisons you!
You closely miss the adder.
The adder is almost dead.
* * * LOW HITPOINT WARNING * * *
You feel very sick. The adder bites you but does no damage.
You barely miss the adder.
The adder is almost dead.
You feel sick. You block the adder's attack. The adder barely misses you.
You closely miss the adder.
The adder is almost dead.
You feel sick. You block the adder's attack. The adder bites you.
* * * LOW HITPOINT WARNING * * *
Unknown command.
You barely miss the adder.
The adder is almost dead.
You die...

#.. #. #)# # ##. #.#
#.##..#### #.#
.........# #.#
#......#.## #.#
..........#######<######
........................
>..$..S@..#####.#####...
##.....#........# #.##
##...###.#####+ #.# ##.#
#.## #.## #. #..# ..## #
##'## ##+##. ##...##
##...## ##.....##
##.....#
#...♣...#++...(...


You could see an adder.

Vanquished Creatures
  An adder (D:2)
  A dart slug (D:1)
  6 endoplasms (D:1)
  5 hobgoblins (D:1)
  4 kobolds
  A quokka (D:1)
  A ball python (D:1)
  3 goblins (D:1)
  A rat (D:1)
23 creatures vanquished.

Notes
Turn   | Place    | Note
-------+----------+-------------------------------------------
     0 | D:1      | randomguy2701 the Hill Orc Fighter began the quest for the
                  | Orb.
     0 | D:1      | Reached XP level 1. HP: 19/19 MP: 1/1
    16 | D:1      | Found a faded altar of an unknown god.
   228 | D:1      | Reached XP level 2. HP: 27/27 MP: 2/2
   343 | D:1      | Reached skill level 4 in Fighting
   401 | D:1      | Reached XP level 3. HP: 30/33 MP: 3/3
   744 | D:2      | Succumbed to an adder's poison

Illustrated notes

Levels and vault maps discovered:
D:1:      psy_arrival_radial02, layout_basic, basic_ecumenical_altar,
          chequers_avenue, minmay_misc_feat_hallway
D:2:      layout_loops_ring, mrwooster_statue_mirror, nicolae_hexahallways

Skill      XL: |  1  2 |
---------------+-------+-----
Axes           | 3 |  3.5
Fighting       | 4 |  4.2
Armour         | |  3.6
Shields        | |  3.6

Action                     || total
---------------------------++-------
  Melee: War axe           ||    62
 Armour: Scale mail        ||    47
  Dodge: Dodged            ||    29
  Block: Buckler           ||     8

Table legend: (Time is in decaauts)
 A = Elapsed time spent in this place.
 B = Non-inter-level travel time spent in this place.
 C = Inter-level travel time spent in this place.
 D = Time resting spent in this place.
 E = Time spent auto-exploring this place.
 F = Levels seen in this place.
 G = Mean time per level.
                   A        B        C        D        E       F      G
               +--------+--------+--------+--------+--------+-----+--------+
         Total |    776 |    772 |      4 |      0 |    621 |   2 |  388.0 |
       Dungeon |    776 |    772 |      4 |      0 |    621 |   2 |  388.0 |
               +--------+--------+--------+--------+--------+-----+--------+

Top non-repeatable levels by time:
     D:1: 583 daAuts
     D:2: 193 daAuts
